 Dungeon Crawl Stone Soup version 0.29.1-15-g9cfb28693d (webtiles) character file.

Game seed: 14683433570149955799

64769 hiirsack the Brawler (level 14, -4/216 HPs)
             Began as a Troll Fighter on Mar 28, 2023.
             Was an Elder of Wu Jian.
             Killed from afar by Frances (40 damage)
             ... with an iron shot
             ... on level 13 of the Dungeon on Apr 1, 2023.
             The game lasted 03:03:51 (18533 turns).

hiirsack the Brawler (Troll Fighter)               Turns: 18533, Time: 03:03:51

Health: -4/216     AC: 27    Str: 29    XL:     14   Next: 73%
Magic:  13/13      EV:  1    Int:  6    God:    Wu Jian [****..]
Gold:   2739       SH: 15    Dex:  9    Spells: 13/13 levels left

rFire   . . .      SeeInvis +     - Unarmed
rCold   . . .      Faith    .   b - +0 kite shield
rNeg    . . .      Spirit   .   (body armour currently unavailable)
rPois   +          Reflect  +   (helmet currently unavailable)
rElec   .          Harm     .   (cloak currently unavailable)
rCorr   .          Rampage  .   (gloves unavailable)
Will    ++...      NoTele   +   (boots unavailable)
Stlth   +.........              I - amulet of reflection
HPRegen 1.26/turn               m - +4 ring of evasion
MPRegen 0.13/turn               o - ring of see invisible

@: exhausted, tree-form
A: stationary, stasis, torment immunity, boosted hp, large, unfitting armour,
(claws 3), regeneration 1, (shaggy fur 1), (tough skin 1), strong-willed 1
a: Renounce Religion, Wall Jump, Serpent's Lash


You were on level 13 of the Dungeon.
You worshipped Wu Jian.
Wu Jian was greatly pleased with you.
You were a tree.
You visited 4 branches of the dungeon, and saw 20 of its levels.
You also visited: Sewer and Volcano.

You collected 2739 gold pieces.

Inventory:

Missiles
 d - 45 poisoned darts
 n - 4 datura-tipped darts
 q - 10 large rocks (quivered)
 w - 9 curare-tipped darts
 N - 8 atropa-tipped darts
Armour
 b - a +0 kite shield (worn)
 h - the +1 robe "Beno" {Rampage rC+}
   (You found it on level 4 of the Lair of Beasts)

   rC:        It protects you from cold.
   Rampage:   It bestows one free step when moving towards enemies.
 x - a +0 troll leather armour (melded)
 G - an orb of mayhem
 S - a +2 cloak of fire resistance (melded)
 V - a +0 robe of willpower
Jewellery
 e - a ring of protection from fire
 m - a +4 ring of evasion (left branch)
 o - a ring of see invisible (right branch)
 D - a +4 ring of protection
 F - the ring "Itu Daat" {Wiz rN+}
   (You acquired it on level 9 of the Dungeon)

   [ring of wizardry]

   It improves your spell success rate.
   rN:        It protects you from negative energy.
 I - an amulet of reflection (around neck)
 L - the ring of Rulethru {Fire +Blink Int+4}
   (You took it off Maurice on level 8 of the Dungeon)

   [ring of fire]

   It enhances your fire magic.
   Int:       It affects your intelligence (+4).
   rF:        It protects you from fire.
   rC:        It makes you vulnerable to cold.
   +Blink:    It lets you blink.
 T - a ring of wizardry
 W - a ring of ice
Wands
 g - a wand of digging (2)
 y - a wand of flame (41)
 C - a wand of polymorph (14)
 E - a wand of light (4)
 K - a wand of iceblast (21)
 R - a wand of paralysis (7)
Scrolls
 l - 2 scrolls of amnesia
 p - 4 scrolls of fear
 s - a scroll of teleportation
 t - 3 scrolls of immolation
 v - 3 scrolls of fog
 H - a scroll of silence
 J - 2 scrolls of blinking
 O - 3 scrolls of identify
 X - a scroll of summoning
Potions
 c - 3 potions of cancellation
 f - 3 potions of flight
 i - a potion of might
 j - 2 potions of resistance
 k - a potion of curing
 r - 3 potions of magic
 u - 8 potions of ambrosia
 z - a potion of haste
 A - 2 potions of heal wounds
 B - 3 potions of mutation
 Q - 4 potions of brilliance
 Y - a potion of invisibility
 Z - 2 potions of attraction
Miscellaneous
 M - a piece from Xom's chessboard (14/15)
 U - a lightning rod (4/4)


   Skills:
 + Level 10.6 Fighting
 + Level 9.7 Dodging
 + Level 11.6 Shields
 * Level 17.1 Unarmed Combat


You had 13 spell levels left.
You didn't know any spells.
Your spell library contained the following spells:

 Spells                   Type           Power      Damage    Failure   Level
 Apportation              Tloc           0%         N/A       65%         1
 Beastly Appendage        Tmut           0%         N/A       65%         1
 Foxfire                  Conj/Fire      0%         2x1d4     65%         1
 Slow                     Hex            0%         N/A       65%         1
 Sting                    Tmut/Pois      0%         1d3       65%         1
 Poisonous Vapours        Pois/Air       0%         N/A       78%         2
 Static Discharge         Conj/Air       0%         3-3/arc   78%         2
 Wereblood                Tmut           0%         N/A       78%         2
 Confusing Touch          Hex            0%         N/A       95%         3
 Conjure Flame            Conj/Fire      0%         6-21      95%         3
 Gell's Gravitas          Tloc           0%         N/A       95%         3
 Ignite Poison            Fire/Tmut/Pois 0%         N/A       95%         3
 Inner Flame              Hex/Fire       0%         N/A       95%         3
 Lesser Beckoning         Tloc           0%         N/A       95%         3
 Ozocubu's Armour         Ice            0%         N/A       95%         3
 Spider Form              Tmut/Pois      0%         N/A       95%         3
 Teleport Other           Tloc           0%         N/A       95%         3
 Vampiric Draining        Necr           0%         2d6       95%         3
 Airstrike                Air            0%         2d(0-16)  100%        4
 Dispel Undead            Necr           0%         3d6       100%        4
 Flame Wave               Conj/Fire      0%         2d4       100%        4
 Olgreb's Toxic Radiance  Pois           0%         N/A       100%        4
 Sticky Flame             Conj/Fire      0%         2d3       100%        4
 Summon Lightning Spire   Summ/Air       0%         N/A       100%        4
 Alistair's Intoxication  Tmut/Pois      0%         N/A       100%        5
 Fireball                 Conj/Fire      0%         3d3       100%        5
 Iskenderun's Battlesphe  Conj           0%         2d6       100%        5
 Lightning Bolt           Conj/Air       0%         1d11      100%        5
 Metabolic Englaciation   Hex/Ice        0%         N/A       100%        5
 Summon Forest            Summ/Tloc      0%         N/A       100%        5
 Conjure Ball Lightning   Conj/Air       0%         3x3d6     100%        6
 Dispersal                Tloc           0%         N/A       100%        6
 Eringya's Noxious Bog    Tmut/Pois      0%         N/A       100%        6
 Simulacrum               Ice/Necr       0%         N/A       100%        6
 Statue Form              Tmut/Erth      0%         N/A       100%        6
 Orb of Destruction       Conj           0%         9d5       100%        7
 Storm Form               Tmut/Air       0%         N/A       100%        7
 Summon Hydra             Summ           0%         N/A       100%        7


Dungeon Overview and Level Annotations

Branches:
Dungeon (13/15)            Temple (0/1) D:5            Lair (5/5) D:9
 Shoals (1/4) Lair:3       Spider (1/4) Lair:2        Slime (0/5) Lair:5
    Orc (0/2) D:10          Sewer (visited)         Volcano (visited)
 Vaults: D:13-14

Altars:
Cheibriados
Dithmenos
Kikubaaqudgha
Nemelex Xobeh
Okawaru
Uskayaw
Wu Jian
Yredelemnul
The Shining One

Annotations:
D:8 Gastronok
D:13 Frances


Innate Abilities, Weirdness & Mutations

You are a tree.
Your roots penetrate the ground, keeping you stationary.
You cannot be teleported.
You are immune to unholy pain and torment.
Your maximum health is greatly increased.
Your equipment is partially melded.
You are too large for most types of armour.
((You have claws for hands.))
Your natural rate of healing is unusually fast.
((You are covered in fur. (AC +1)))
((You have tough skin. (AC +1)))
You are strong-willed. (Will+)


Message History

Your muscles tense, ready for explosive movement...
You spin and attack Frances, with incredible momentum.
You eviscerate Frances!!!
Frances is moderately wounded.
Aiming: Wall Jump
Press: ? - help, Dir - move target You repeatedly attack Frances from above, with incredible momentum.
You scratch Frances.
Frances is moderately wounded.
You claw Frances!
Frances is heavily wounded.
Your supernatural speed expires.
Frances hits you with a +0 scimitar!!
You closely miss Frances.
Frances is heavily wounded.
Frances hits you with a +0 scimitar!!
Frances screams a word of power!
The shard of ice reflects off an invisible shield around you!
The shard of ice hits Frances.
Okay, then.
Okay, then.
Okay, then.
Okay, then.
You make a move on Xom's chessboard...
Nothing appears to happen.
Frances hits you with a +0 scimitar!
You claw Frances!
Frances is heavily wounded.
Frances screams a word of power!
The shard of ice hits you!!!
* * * LOW HITPOINT WARNING * * *
Okay, then.
Really quaff the potion of lignification?
Uppercase [Y]es or [N]o only, please.
Really quaff the potion of lignification?
You turn into a tree.
Your +2 cloak of fire resistance melds into your body.
Your +0 troll leather armour melds into your body.
You feel less resistant to fire.
Your roots penetrate the ground.
Frances whispers indecipherable words.
The iron shot hits you!!!
You die...

.###....#####.###
................#
................#
................#
................#
##########......#
#......# #......#
#.@♣...# #......#
#......# #......#
########


You could see Frances (fast).

Vanquished Creatures
  Kirke (Lair:4)
  2 dire elephants (Lair:5)
  A hydra (Lair:5)
  Fannar (D:12)
  Erolcha (D:9)
  A boulder beetle (D:13)
  A two-headed ogre (D:11)
  3 centaur warriors
  3 death yaks (Lair:5)
  Erica (D:9)
  A hell knight (Volcano)
  Sonja (D:10)
  Amaemon (Lair:2)
  Lodul (D:12)
  3 lindwurms (Lair:5)
  A manticore (D:11)
  2 wolf spiders (Lair:5)
  A cyclops (D:13)
  2 elephants (Lair:5)
  Maurice (D:8)
  3 black mambas
  Joseph (D:8)
  A molten gargoyle (Volcano)
  4 merfolk sirens (Lair:3)
  An orange demon (Lair:2)
  2 torpor snails (Lair:5)
  9 cane toads
  6 rime drakes
  4 gargoyles
  A kobold demonologist (D:12)
  A yaktaur (Volcano)
  10 komodo dragons
  A meliai (Lair:2)
  A queen bee (D:11)
  11 polar bears
  2 trolls
  A hornet (D:7)
  A tarantella (Lair:2)
  33 blink frogs
  A raiju (Lair:5)
  Prince Ribbit (D:9)
  2 dream sheep (Lair:5)
  Sigmund (D:2)
  51 yaks
  A wraith (D:12)
  2 shadows (D:10)
  A water elemental (Shoals:1)
  2 fire bats (Volcano)
  2 wyverns
  5 hogs (Lair:4)
  A steam dragon (D:8)
  4 basilisks
  3 redbacks
  8 vampire mosquitoes
  6 wargs (Lair:5)
  18 water moccasins
  2 acid dragons
  16 hell hounds
  The ghost of burchardtist the Ruffian, an amateur TrFi of Wu Jian (D:3)
  2 ice beasts
  5 orc warriors
  2 sky beasts
  9 ogres
  12 black bears
  29 wolves
  8 centaurs
  3 phantoms (D:4)
  6 kobold brigands
  13 bullfrogs
  2 gnoll sergeants
  A water moccasin zombie (D:4)
  A necrophage (D:7)
  9 wights
  31 killer bees
  3 howler monkeys
  6 lava snakes (Volcano)
  2 bullfrog zombies (D:4)
  A centaur zombie (D:4)
  3 hounds
  4 orc priests
  A bullfrog skeleton (D:4)
  4 jellies
  Crazy Yiuf (D:2)
  Jessica (D:3)
  2 iguanas
  7 orc wizards
  7 hell rats
  A scorpion zombie (D:4)
  2 hound zombies (D:4)
  12 gnolls
  2 river rats
  5 adders
  4 shadow imps
  A white imp (D:7)
  2 ufetubi
  2 adder skeletons (D:4)
  2 adder zombies (D:4)
  3 worms
  2 dart slugs
  28 orcs
  19 ball pythons
  2 bats
  13 endoplasms
  3 giant cockroaches
  4 goblins
  4 hobgoblins
  6 jackals
  32 kobolds
  6 quokkas
  6 frilled lizards
  41 rats
627 creatures vanquished.

Vanquished Creatures (collateral kills)
  A redback (Spider:1)
  A bullfrog (D:6)
  A wight (D:6)
  An orc (D:6)
4 creatures vanquished.

Vanquished Creatures (others)
  32 fungi
  45 plants
  2 withered plants (D:4)
79 creatures vanquished.

Grand Total: 710 creatures vanquished

Notes
Turn   | Place    | Note
-------+----------+-------------------------------------------
     0 | D:1      | hiirsack the Troll Fighter began the quest for the Orb.
     0 | D:1      | Reached XP level 1. HP: 22/22 MP: 0/0
   116 | D:1      | Reached XP level 2. HP: 29/29 MP: 1/1
   824 | D:2      | Noticed Sigmund
   837 | D:2      | Killed Sigmund
   838 | D:2      | Reached skill level 4 in Unarmed Combat
   838 | D:2      | Reached XP level 3. HP: 30/37 MP: 2/2
   838 | D:2      | Reached XP level 4. HP: 37/45 MP: 3/3
   838 | D:2      | Reached XP level 5. HP: 44/53 MP: 4/4
   865 | D:2      | Found a faded altar of an unknown god.
  1411 | D:2      | Found a runed translucent door.
  1412 | D:2      | Noticed Crazy Yiuf
  1419 | D:2      | Killed Crazy Yiuf
  1420 | D:2      | Reached XP level 6. HP: 60/61 MP: 5/5
  1522 | D:3      | Found an iron altar of Okawaru.
  1522 | D:3      | Found a shadowy altar of Dithmenos.
  1533 | D:3      | Found an ornate altar of the Wu Jian Council.
  1554 | D:3      | Found a basalt altar of Yredelemnul.
  1558 | D:3      | Became a worshipper of the Wu Jian Council
  1574 | D:3      | Gained mutation: Armour fits poorly on your strangely
                  | shaped body. [potion of mutation]
  1574 | D:3      | Gained mutation: Your spells are a little harder to cast,
                  | but a little more powerful. [potion of mutation]
  1574 | D:3      | Gained mutation: Your body sometimes deteriorates upon
                  | taking damage. [potion of mutation]
  1575 | D:3      | Lost mutation: Your spells are a little harder to cast, but
                  | a little more powerful. [potion of mutation]
  1575 | D:3      | Lost mutation: Armour fits poorly on your strangely shaped
                  | body. [potion of mutation]
  1575 | D:3      | Gained mutation: You have sharp toenails. [potion of
                  | mutation]
  1583 | D:3      | Noticed Jessica
  1588 | D:3      | Killed Jessica
  1652 | D:3      | Lost mutation: You have sharp toenails. [potion of
                  | mutation]
  1652 | D:3      | Lost mutation: Your body sometimes deteriorates upon taking
                  | damage. [potion of mutation]
  1652 | D:3      | Gained mutation: Your spells are a little harder to cast,
                  | but a little more powerful. [potion of mutation]
  1652 | D:3      | Gained mutation: You sometimes lose your temper in combat.
                  | [potion of mutation]
  2039 | D:3      | Found a runed translucent gate.
  2041 | D:3      | Found a runed translucent gate.
  2042 | D:3      | Found a runed translucent gate.
  2042 | D:3      | Noticed burchardtist's ghost (amateur TrFi)
  2052 | D:3      | Killed burchardtist's ghost
  2053 | D:3      | Reached skill level 5 in Unarmed Combat
  2293 | D:4      | Reached XP level 7. HP: 68/68 MP: 6/6
  2487 | D:4      | Identified the +5 dagger "Killer Bee's Regret" {vamp, rPois
                  | Will- rCorr Str+4}
  2600 | D:4      | Reached * piety under Wu Jian
  2666 | D:4      | Reached skill level 6 in Unarmed Combat
  2852 | D:4      | Reached XP level 8. HP: 79/79 MP: 7/7
  3192 | D:4      | Reached skill level 5 in Shields
  3288 | D:5      | Entered Level 5 of the Dungeon
  3437 | D:5      | Reached skill level 7 in Unarmed Combat
  3623 | D:5      | Found a glowing drain.
  3628 | Sewer    | Entered a sewer
  3667 | Sewer    | Reached ** piety under Wu Jian
  3915 | Sewer    | Lost mutation: You sometimes lose your temper in combat.
                  | [potion of mutation]
  3915 | Sewer    | Lost mutation: Your spells are a little harder to cast, but
                  | a little more powerful. [potion of mutation]
  3915 | Sewer    | Gained mutation: You are strong-willed. (Will+) [potion of
                  | mutation]
  4033 | D:5      | Reached *** piety under Wu Jian
  4220 | D:5      | Found a staircase to the Ecumenical Temple.
  4446 | D:6      | Reached skill level 5 in Fighting
  4481 | D:6      | Reached skill level 8 in Unarmed Combat
  4817 | D:6      | Reached XP level 9. HP: 76/88 MP: 8/8
  5199 | D:7      | You fall into a shaft and drop 1 floor!
  5206 | D:8      | Noticed Maurice
  5466 | D:7      | Reached skill level 9 in Unarmed Combat
  5577 | D:7      | Got Sif Muna's Omnibus of the Figure
  6365 | D:8      | Reached skill level 10 in Unarmed Combat
  6392 | D:8      | Reached XP level 10. HP: 95/98 MP: 9/9
  6467 | D:8      | Noticed Gastronok
  6543 | D:8      | Identified the ring of Rulethru {Fire +Blink Int+4}
  6555 | D:8      | Noticed Joseph
  6567 | D:8      | Killed Maurice
  6569 | D:8      | Killed Joseph
  6854 | D:9      | Noticed Erolcha
  6869 | D:9      | Noticed Erica
  6876 | D:9      | Killed Erica
  6877 | D:9      | Reached skill level 5 in Dodging
  6877 | D:9      | Reached skill level 11 in Unarmed Combat
  6914 | D:9      | Identified 2 scrolls of acquirement
  6926 | D:9      | Acquired 713 gold pieces
  6934 | D:9      | Acquired the ring "Itu Daat" {Wiz rN+}
  7031 | D:9      | Noticed Prince Ribbit
  7050 | D:9      | Killed Prince Ribbit
  7081 | D:9      | Reached **** piety under Wu Jian
  7205 | D:9      | Found a staircase to the Lair.
  7269 | D:9      | Reached XP level 11. HP: 109/109 MP: 10/10
  7332 | D:9      | Killed Erolcha
  7508 | D:9      | Found a faded altar of an unknown god.
  7508 | D:9      | Found an ancient bone altar of Kikubaaqudgha.
  7515 | D:9      | Found a hide-covered altar of Uskayaw.
  7517 | D:9      | Found a glowing golden altar of the Shining One.
  7518 | D:9      | Found a faded altar of an unknown god.
  7642 | D:10     | Entered Level 10 of the Dungeon
  7642 | D:10     | Noticed Sonja
  7644 | D:10     | Killed Sonja
  7644 | D:10     | Reached skill level 12 in Unarmed Combat
  8047 | D:10     | Found a staircase to the Orcish Mines.
  8879 | D:11     | Noticed a two-headed ogre
  8888 | D:11     | Killed a two-headed ogre
  8889 | D:11     | Reached skill level 13 in Unarmed Combat
  9280 | D:12     | Reached XP level 12. HP: 94/119 MP: 11/11
  9387 | D:12     | Noticed Lodul
  9395 | D:12     | Killed Lodul
  9892 | D:12     | Reached ***** piety under Wu Jian
  9980 | D:12     | Noticed Fannar
 10034 | D:12     | Killed Fannar
 10550 | Lair:1   | Entered Level 1 of the Lair of Beasts
 11253 | Lair:1   | Reached skill level 14 in Unarmed Combat
 11258 | Lair:1   | Found a snail-covered altar of Cheibriados.
 11557 | Lair:2   | Found a hole to the Spider Nest.
 11583 | Lair:2   | Identified the +4 rapier of Lilam {drain, rCorr Str+4 SInv}
 11698 | Spider:1 | Entered Level 1 of the Spider Nest
 11730 | Lair:2   | HP: 6/122 [redback (1)]
 12063 | Lair:2   | Noticed Amaemon
 12069 | Lair:2   | Killed Amaemon
 12156 | Lair:2   | Reached XP level 13. HP: 131/131 MP: 12/12
 12350 | Lair:2   | Reached skill level 10 in Shields
 13138 | Lair:3   | Found a staircase to the Shoals.
 13148 | Shoals:1 | Entered Level 1 of the Shoals
 13290 | Lair:3   | Reached skill level 15 in Unarmed Combat
 13343 | Lair:3   | Found a sparkling altar of Nemelex Xobeh.
 14026 | Lair:4   | Found a dark tunnel.
 14039 | Volcano  | Entered a volcano
 14351 | Volcano  | Found a burning altar of Makhleb.
 14881 | Lair:4   | Noticed Kirke
 14890 | Lair:4   | Killed Kirke
 15155 | Lair:4   | Identified the +1 robe "Beno" {Rampage rC+}
 15407 | Lair:5   | Entered Level 5 of the Lair of Beasts
 15434 | Lair:5   | Found a staircase to the Slime Pits.
 15578 | Lair:5   | Reached skill level 10 in Fighting
 15578 | Lair:5   | Reached skill level 16 in Unarmed Combat
 15583 | Lair:5   | Reached XP level 14. HP: 72/143 MP: 13/13
 18293 | D:13     | Reached skill level 17 in Unarmed Combat
 18525 | D:13     | Noticed Frances
 18533 | D:13     | Killed from afar by Frances

Illustrated notes

Levels and vault maps discovered:
D:1:      sevenhm_arrival_forest_fort_small_3, layout_basic, minmay_heptomino_h4
D:2:      layout_rooms, shapermc_ecumenical_altar_ellora, kennysheep_cross_room,
          minmay_rat_gold_closets, uniq_crazy_yiuf_cottage, uniq_sigmund
D:3:      layout_basic, mainiacjoe_overflow_alcove_3, ebering_ghost_rock_garden,
          uniq_jessica
D:4:      layout_basic, serial_undead, serial_undead_a, serial_undead_e,
          serial_undead_d, serial_undead_f, serial_undead_b, serial_undead_c
D:5:      layout_gridville, temple_hall, gup_sewer_entry_bowl
D:6:      layout_basic
D:7:      layout_basic
D:8:      layout_rooms, st_stairs_13, uniq_maurice, uniq_gastronok, uniq_joseph
D:9:      layout_roguey, chequers_temple_overflow_minitemple,
          david_lair_shrubbed, uniq_prince_ribbit1, uniq_erolcha, uniq_erica
D:10:     layout_cave_pools, orc_0_dummy, uniq_sonja
D:11:     layout_roguey [special_room_bee]
D:12:     layout_grid_maze, uniq_lodul, uniq_fannar
D:13:     layout_irregular_city, uniq_frances
Lair:1:   layout_chaotic_city, basic_altar, grunt_megastairs_1,
          lemuel_fruit_fields, infiniplex_staircase_pool_2, lemuel_fruit_tree
Lair:2:   layout_layer_cave, hellmonk_spider_entry_not_the_bees, uniq_amaemon
Lair:3:   layout_loops_ring, elwin_shoals_entry_stream, basic_altar,
          grunt_megastairs_5
Lair:4:   layout_hall_layers, enter_volcano_3, beast_lair_carwin_2, uniq_kirke
Lair:5:   hangedman_lair_caniforms_friends, layout_cave_pods,
          hangedman_lair_in_review, nicolae_slime_entry_slimehenge,
          nicolae_lair_run_with_the_wolves
Shoals:1: layout_shoals
Spider:1: layout_spider_delve

Skill      XL: |  1  2  3  4  5  6  7  8  9 10 11 12 13 14 |
---------------+-------------------------------------------+-----
Fighting       | 3 4 5 6 7 8 9 10 | 10.6
Dodging        | 3 4 5 6 7 8 9 |  9.7
Shields        | 3 4 5 6 7 8 9 10 11 | 11.6
Unarmed Combat | 4 5 6 8 10 11 13 14 16 17 | 17.1

Action                   |  1- 3 |  4- 6 |  7- 9 | 10-12 | 13-15 || total
-------------------------+-------+-------+-------+-------+-------++-------
Melee: Unarmed           |    57 |   139 |   414 |   704 |   753 ||  2067
       Kick              |       |     1 |       |       |       ||     1
Throw: Large rock        |       |       |     7 |    20 |    13 ||    40
Invok: Lunge             |       |    15 |    48 |    59 |    25 ||   147
       Whirlwind         |       |       |     2 |    58 |   192 ||   252
       Serpent's Lash    |       |       |     3 |    17 |    13 ||    33
       Heavenly Storm    |       |       |       |     1 |     2 ||     3
 Abil: Wall Jump         |       |       |     2 |     3 |     6 ||    11
Evoke: Wand              |       |       |       |     1 |     2 ||     3
       Piece from Xom's  |       |       |       |       |     1 ||     1
  Use: Potion            |       |     4 |     3 |     8 |     7 ||    22
       Scroll            |       |     4 |    11 |    15 |    12 ||    42
 Stab: Sleeping          |       |     1 |       |       |       ||     1
Armor: Robe              |    16 |    27 |   100 |    82 |   101 ||   326
       Skin              |       |       |       |       |    30 ||    30
       Troll leather arm |       |       |       |       |     4 ||     4
Dodge: Dodged            |    26 |    34 |   123 |   183 |   242 ||   608
Block: Kite shield       |    20 |    22 |   163 |   411 |   428 ||  1044
       Reflection        |       |       |     4 |     8 |    22 ||    34
